TOP OF THE 1ST |
Mt. Vernon Bulls batting - Pitching for Hogsmeade Cauldrons : RHP Carlos Costello
|
Pitching: RHP Carlos Costello
|
|
Batting: LHB Earl Wiley
|
0-0: Bunted foul 0-1: Foul Ball, location: 2F 0-2: Foul Ball, location: 2F 0-2: Strikes out swinging
|
Batting: LHB Álex Ramírez
|
0-0: Ball 1-0: SINGLE (Line Drive, 4MD)
|
Batting: RHB Jesús Villalba
|
0-0: Swinging Strike 0-1: Swinging Strike 0-2: Ball 1-2: Foul Ball, location: 2F 1-2: Ball 2-2: Strikes out swinging
|
Batting: RHB Carlos Vega
|
0-0: Ball Wild Pitch! Álex Ramírez to second 1-0: Swinging Strike 1-1: Called Strike 1-2: Strikes out swinging
|
Top of the 1st over - 0 run(s), 1 hit(s), 0 error(s), 1 left on base; Mt. Vernon 0 - Hogsmeade 0 |
BOTTOM OF THE 1ST |
Hogsmeade Cauldrons batting - Pitching for Mt. Vernon Bulls : LHP Mike Owens
|
Pitching: LHP Mike Owens
|
|
Batting: SHB Salvador Trevino
|
0-0: SINGLE (Line Drive, 4M)
|
Batting: LHB Austin Hathaway
|
0-0: Called Strike 0-1: Ball 1-1: Swinging Strike 1-2: Ball 2-2: Foul Ball, location: 2F 2-2: Foul Ball, location: 2F 2-2: Grounds into double play, 1-4-3 (Groundball, 13)
|
Batting: LHB David Breitling
|
0-0: Ball 1-0: Ground out 3-1 (Groundball, 3)
|
Bottom of the 1st over - 0 run(s), 1 hit(s), 0 error(s), 0 left on base; Mt. Vernon 0 - Hogsmeade 0 |
TOP OF THE 2ND |
Mt. Vernon Bulls batting - Pitching for Hogsmeade Cauldrons : RHP Carlos Costello
|
Batting: RHB Alfonso Bocanegra
|
0-0: Called Strike 0-1: Foul Ball, location: 2F 0-2: Ball 1-2: Foul Ball, location: 2F 1-2: Strikes out swinging
|
Batting: RHB Jorge Miranda
|
0-0: Ground out 4-3 (Groundball, 4)
|
Batting: LHB Alex Reid
|
0-0: Ball 1-0: Swinging Strike 1-1: Foul Ball, location: 2F 1-2: Ball 2-2: Ball 3-2: Fly out, F6 (Popup, 6D)
|
Top of the 2nd over - 0 run(s), 0 hit(s), 0 error(s), 0 left on base; Mt. Vernon 0 - Hogsmeade 0 |
BOTTOM OF THE 2ND |
Hogsmeade Cauldrons batting - Pitching for Mt. Vernon Bulls : LHP Mike Owens
|
Batting: RHB Santiago Mosca
|
0-0: Called Strike 0-1: Ball 1-1: Swinging Strike 1-2: Ball 2-2: SINGLE (Groundball, 56D)
|
Batting: SHB Lupo Cotto
|
0-0: Ball 1-0: Ball 2-0: Called Strike 2-1: SINGLE (Flyball, 7S) Santiago Mosca to second
|
Batting: LHB Jorge García
|
0-0: Ball 1-0: Foul Ball, location: 2F 1-1: Ball 2-1: Swinging Strike 2-2: Fly out, F7 (Line Drive, 7M)
|
Batting: LHB Tyler Knopp
|
0-0: Ball 1-0: Ball 2-0: Foul Ball, location: 2F 2-1: Fly out, F8 (Flyball, 8RM)
|
Batting: RHB Jorge Ramos
|
0-0: Foul Ball, location: 2F 0-1: Swinging Strike 0-2: Ball 1-2: Ground out 6-3 (Groundball, 6)
|
Bottom of the 2nd over - 0 run(s), 2 hit(s), 0 error(s), 2 left on base; Mt. Vernon 0 - Hogsmeade 0 |
TOP OF THE 3RD |
Mt. Vernon Bulls batting - Pitching for Hogsmeade Cauldrons : RHP Carlos Costello
|
Batting: RHB Louis Litt
|
0-0: Ground out 5-3 (Groundball, 5S)
|
Batting: RHB Noël Sassetti
|
0-0: Ball 1-0: Fly out, F5 (Line Drive, 56)
|
Batting: LHB Earl Wiley
|
0-0: Called Strike 0-1: Ball 1-1: Ball 2-1: Ball 3-1: Base on Balls
|
Batting: LHB Álex Ramírez
|
0-0: Called Strike Earl Wiley steals 2nd base 0-1: Called Strike 0-2: Strikes out swinging
|
Top of the 3rd over - 0 run(s), 0 hit(s), 0 error(s), 1 left on base; Mt. Vernon 0 - Hogsmeade 0 |
BOTTOM OF THE 3RD |
Hogsmeade Cauldrons batting - Pitching for Mt. Vernon Bulls : LHP Mike Owens
|
Batting: RHB Jorge Gómez
|
0-0: Called Strike 0-1: Ground out 4-3 (Groundball, 4)
|
Batting: SHB Salvador Trevino
|
0-0: Called Strike 0-1: Ball 1-1: Called Strike 1-2: Ground out 5-3 (Groundball, 5)
|
Batting: LHB Austin Hathaway
|
0-0: Called Strike 0-1: Ground out U3 (Groundball, 3S)
|
Bottom of the 3rd over - 0 run(s), 0 hit(s), 0 error(s), 0 left on base; Mt. Vernon 0 - Hogsmeade 0 |
TOP OF THE 4TH |
Mt. Vernon Bulls batting - Pitching for Hogsmeade Cauldrons : RHP Carlos Costello
|
Batting: RHB Jesús Villalba
|
0-0: Fly out, F2 (Popup, 2LF)
|
Batting: RHB Carlos Vega
|
0-0: Called Strike 0-1: Ball 1-1: Called Strike 1-2: Foul Ball, location: 2F 1-2: Ball 2-2: Foul Ball, location: 2F 2-2: Foul Ball, location: 2F 2-2: Ball 3-2: Foul Ball, location: 2F 3-2: Base on Balls
|
Batting: RHB Alfonso Bocanegra
|
0-0: Ball 1-0: Ball 2-0: Called Strike 2-1: Fly out, F4 (Popup, 3D)
|
Batting: RHB Jorge Miranda
|
0-0: Called Strike 0-1: Ball 1-1: Swinging Strike 1-2: Strikes out swinging
|
Top of the 4th over - 0 run(s), 0 hit(s), 0 error(s), 1 left on base; Mt. Vernon 0 - Hogsmeade 0 |
BOTTOM OF THE 4TH |
Hogsmeade Cauldrons batting - Pitching for Mt. Vernon Bulls : LHP Mike Owens
|
Batting: LHB David Breitling
|
0-0: Called Strike 0-1: Fly out, F8 (Flyball, 8RD)
|
Batting: RHB Santiago Mosca
|
0-0: Ball 1-0: Foul Ball, location: 2F 1-1: Swinging Strike 1-2: Strikes out swinging
|
Batting: SHB Lupo Cotto
|
0-0: Called Strike 0-1: Fly out, F7 (Flyball, 78M)
|
Bottom of the 4th over - 0 run(s), 0 hit(s), 0 error(s), 0 left on base; Mt. Vernon 0 - Hogsmeade 0 |
TOP OF THE 5TH |
Mt. Vernon Bulls batting - Pitching for Hogsmeade Cauldrons : RHP Carlos Costello
|
Batting: LHB Alex Reid
|
0-0: Called Strike 0-1: Ball 1-1: Called Strike 1-2: Strikes out swinging
|
Batting: RHB Louis Litt
|
0-0: Ball 1-0: Ball 2-0: Ground out 1-3 (Groundball, 23)
|
Batting: RHB Noël Sassetti
|
0-0: Called Strike 0-1: Fly out, F9 (Flyball, 9M)
|
Top of the 5th over - 0 run(s), 0 hit(s), 0 error(s), 0 left on base; Mt. Vernon 0 - Hogsmeade 0 |
BOTTOM OF THE 5TH |
Hogsmeade Cauldrons batting - Pitching for Mt. Vernon Bulls : LHP Mike Owens
|
Batting: LHB Jorge García
|
0-0: Ball 1-0: SINGLE (Line Drive, 6MD)
|
Batting: LHB Tyler Knopp
|
0-0: Bunted foul 0-1: Bunted foul 0-2: Ball 1-2: Foul Ball, location: 2F 1-2: Ball Wild Pitch! Jorge García to second 2-2: Foul Ball, location: 2F 2-2: Ground out 5-3 (Groundball, 5S) Jorge García to third
|
Batting: RHB Jorge Ramos
|
0-0: Intentional Walk
|
Batting: RHB Jorge Gómez
|
0-0: Ball 1-0: Ball 2-0: Foul Ball, location: 2F 2-1: Ball 3-1: Swinging Strike 3-2: Strikes out looking
|
Batting: SHB Salvador Trevino
|
0-0: DOUBLE (Line Drive, 9LM) Jorge García scores Jorge Ramos to third
|
Batting: LHB Austin Hathaway
|
0-0: Called Strike 0-1: Fly out, F8 (Flyball, 78M)
|
Bottom of the 5th over - 1 run(s), 2 hit(s), 0 error(s), 2 left on base; Mt. Vernon 0 - Hogsmeade 1 |
TOP OF THE 6TH |
Mt. Vernon Bulls batting - Pitching for Hogsmeade Cauldrons : RHP Carlos Costello
|
Batting: LHB Earl Wiley
|
0-0: Ball 1-0: Ball 2-0: Foul Ball, location: 2F 2-1: Ball 3-1: Fly out, F5 (Popup, 5L)
|
Batting: LHB Álex Ramírez
|
0-0: Foul Ball, location: 2F 0-1: Ball 1-1: SINGLE (Line Drive, 9S)
|
Batting: RHB Jesús Villalba
|
0-0: Ball Álex Ramírez is caught stealing 2nd base 1-0: Swinging Strike 1-1: Swinging Strike 1-2: Strikes out swinging
|
Top of the 6th over - 0 run(s), 1 hit(s), 0 error(s), 0 left on base; Mt. Vernon 0 - Hogsmeade 1 |
BOTTOM OF THE 6TH |
Hogsmeade Cauldrons batting - Pitching for Mt. Vernon Bulls : LHP Mike Owens
|
Batting: LHB David Breitling
|
0-0: Ball 1-0: Swinging Strike 1-1: Ground out 4-3 (Groundball, 34)
|
Batting: RHB Santiago Mosca
|
0-0: Ball 1-0: Foul Ball, location: 2F 1-1: Called Strike 1-2: Ball 2-2: Fly out, F5 (Line Drive, 5S)
|
Batting: SHB Lupo Cotto
|
0-0: Called Strike 0-1: Ball 1-1: Foul Ball, location: 2F 1-2: Foul Ball, location: 2F 1-2: SOLO HOME RUN (Line Drive, 7D), Distance : 415 ft
|
Batting: LHB Jorge García
|
0-0: Ball 1-0: SINGLE (Flyball, 8RS)
|
Batting: LHB Tyler Knopp
|
0-0: Fly out, F9 (Line Drive, 9M)
|
Bottom of the 6th over - 1 run(s), 2 hit(s), 0 error(s), 1 left on base; Mt. Vernon 0 - Hogsmeade 2 |
TOP OF THE 7TH |
Mt. Vernon Bulls batting - Pitching for Hogsmeade Cauldrons : RHP Carlos Costello
|
Batting: RHB Carlos Vega
|
0-0: Fly out, F9 (Flyball, 9LS)
|
Batting: RHB Alfonso Bocanegra
|
0-0: Foul Ball, location: 2F 0-1: Ball 1-1: Swinging Strike 1-2: Ball 2-2: Ground out U3 (Groundball, 3S)
|
Batting: RHB Jorge Miranda
|
0-0: Foul Ball, location: 2F 0-1: Fly out, F7 (Flyball, 7M)
|
Top of the 7th over - 0 run(s), 0 hit(s), 0 error(s), 0 left on base; Mt. Vernon 0 - Hogsmeade 2 |
BOTTOM OF THE 7TH |
Hogsmeade Cauldrons batting - Pitching for Mt. Vernon Bulls : LHP Mike Owens
|
Batting: RHB Jorge Ramos
|
0-0: Ball 1-0: SINGLE (Flyball, 9LM)
|
Batting: RHB Jorge Gómez
|
0-0: Sac Bunt - play at first, batter OUT! 1-3 Jorge Ramos to second
|
Batting: SHB Salvador Trevino
|
0-0: Intentional Walk
|
Batting: LHB Austin Hathaway
|
0-0: Called Strike 0-1: Called Strike 0-2: Ground out U3 (Groundball, 3S) Jorge Ramos to third Salvador Trevino to second
|
Pitching: LHP Javier López
|
|
Pinch Hitting: RHB Gonzalo Ángel
|
0-0: Intentional Walk
|
Batting: RHB Santiago Mosca
|
0-0: Swinging Strike 0-1: Ball 1-1: Ball 2-1: Ball 3-1: Swinging Strike 3-2: Strikes out swinging
|
Bottom of the 7th over - 0 run(s), 1 hit(s), 0 error(s), 3 left on base; Mt. Vernon 0 - Hogsmeade 2 |
TOP OF THE 8TH |
Mt. Vernon Bulls batting - Pitching for Hogsmeade Cauldrons : RHP Carlos Costello
|
Now in RF: Estefan Carrasco
|
|
Batting: LHB Alex Reid
|
0-0: Fly out, F8 (Flyball, 89M)
|
Batting: RHB Louis Litt
|
0-0: Foul Ball, location: 2F 0-1: Ground out 6-3 (Groundball, 6M)
|
Batting: RHB Noël Sassetti
|
0-0: Foul Ball, location: 2F 0-1: Ball 1-1: TRIPLE (Groundball, 5L)
|
Batting: LHB Earl Wiley
|
0-0: Fly out, F6 (Popup, 6)
|
Top of the 8th over - 0 run(s), 1 hit(s), 0 error(s), 1 left on base; Mt. Vernon 0 - Hogsmeade 2 |
BOTTOM OF THE 8TH |
Hogsmeade Cauldrons batting - Pitching for Mt. Vernon Bulls : LHP Javier López
|
Batting: SHB Lupo Cotto
|
0-0: Ball 1-0: Called Strike 1-1: Fly out, F8 (Flyball, 78XD)
|
Batting: LHB Jorge García
|
0-0: Ball 1-0: DOUBLE (Flyball, 78M)
|
Batting: LHB Tyler Knopp
|
0-0: Ball 1-0: Called Strike 1-1: Ground out 5-3 (Groundball, 56)
|
Batting: RHB Jorge Ramos
|
0-0: Intentional Walk
|
Pinch Hitting: RHB Héctor Casas
|
0-0: Called Strike 0-1: Ball 1-1: Ball 2-1: Ball 3-1: Base on Balls Jorge García to third Jorge Ramos to second
|
Batting: SHB Salvador Trevino
|
0-0: Called Strike 0-1: Foul Ball, location: 2F 0-2: Ground out 4-3 (Groundball, 4)
|
Bottom of the 8th over - 0 run(s), 1 hit(s), 0 error(s), 3 left on base; Mt. Vernon 0 - Hogsmeade 2 |
TOP OF THE 9TH |
Mt. Vernon Bulls batting - Pitching for Hogsmeade Cauldrons : RHP Carlos Costello
|
Pitching: RHP Kelly Henry
|
|
Now at SS: Jim Unknown
|
|
Batting: LHB Álex Ramírez
|
0-0: Ball 1-0: Called Strike 1-1: Ground out U3 (Groundball, 3)
|
Batting: RHB Jesús Villalba
|
0-0: Ball 1-0: Ball 2-0: Called Strike 2-1: Ball 3-1: Fly out, F8 (Flyball, 8LS)
|
Batting: RHB Carlos Vega
|
0-0: Ball 1-0: SINGLE (Line Drive, 6)
|
Batting: RHB Alfonso Bocanegra
|
0-0: Ball 1-0: Fly out, F8 (Flyball, 8LM)
|
Top of the 9th over - 0 run(s), 1 hit(s), 0 error(s), 1 left on base; Mt. Vernon 0 - Hogsmeade 2 |
|